 Dungeon Sprint DCSS version 0.26-a0-660-gc07710193c (webtiles) character file.

Game seed: 17738901814361266795

7228 mhtbhm the Imperceptible (level 10, -9/76 HPs)
             Began as a Spriggan Brigand on Oct 6, 2020.
             Was a High Priest of Dithmenos.
             Mangled by a spriggan defender
             ... wielding a +3 demon whip of pain
              (11 damage)
             ... in the Dungeon (Sprint IV: "Fedhas' Mad Dash").
             The game lasted 00:05:17 (1867 turns).

mhtbhm the Imperceptible (Spriggan Brigand)         Turns: 1867, Time: 00:05:18

Health: -9/76      AC: 25    Str:  6 (7)  XL:     10   Next: 88%
Magic:  12/12      EV:  4    Int: 11 (12) God:    Dithmenos [*****.]
Gold:   284        SH:  0    Dex: 20 (22) Spells: 9/9 levels left

rFire    . . .     SeeInvis +   a - +1 rapier (speed)
rCold    . . .     Faith    .   (shield restricted)
rNeg     + + +     Spirit   .   (armour currently unavailable)
rPois    +         Reflect  .   (helmet currently unavailable)
rElec    .         Harm     .   (cloak currently unavailable)
rCorr    .         Rampage  .   (gloves unavailable)
MR       +....     NoTele   +   (boots unavailable)
Stlth    ++++++++++             m - amulet of invisibility {+Inv}
HPRegen  0.22/turn              (no ring)
MPRegen  0.13/turn              (no ring)

@: tree-form, wreathed by umbra
A: very small, unfitting armour, see invisible
a: Shadow Step, Shadow Form, Renounce Religion, Evoke Invisibility


You were in the Dungeon.
You worshipped Dithmenos.
Dithmenos was extremely pleased with you.
You were a tree.
You visited 1 branch You collected 284 gold pieces.

Inventory:

Hand Weapons
 a - a +1 rapier of speed (weapon)
Missiles
 d - 7 poisoned darts (quivered)
Armour
 b - a +0 robe (melded)
 c - a +0 cloak (melded)
Jewellery
 m - the amulet of invisibility (around neck) {+Inv}
   (You found it in the Dungeon)

   [amulet of nothing]

   It lets you turn invisible.
Scrolls
 k - a scroll of blinking
Potions
 f - a potion of curing
 g - a potion of heal wounds
 i - 2 potions of magic


   Skills:
 + Level 4.9 Fighting
 + Level 8.0 Short Blades
 + Level 7.7 Throwing
 + Level 3.7 Dodging
 + Level 26.9 Stealth
 + Level 1.8 Invocations
 + Level 15.2 Evocations


You had 9 spell levels left.
You didn't know any spells.
Your spell library contained the following spells:

 Spells                   Type           Power        Failure   Level
 Foxfire                  Conj/Fire      #...         34%         1
 Magic Dart               Conj           #...         34%         1
 Blink                    Tloc           N/A          47%         2
 Call Imp                 Summ           #.......     47%         2
 Slow                     Hex            #.......     47%         2
 Conjure Flame            Conj/Fire      #.......     71%         3
 Mephitic Cloud           Conj/Pois/Air  #.......     71%         3
 Ice Form                 Ice/Tmut       #.......     98%         4
 Sticky Flame             Conj/Fire      #.......     98%         4
 Blade Hands              Tmut           #.........   100%        5


Dungeon Overview and Level Annotations

Branches:
Dungeon (1/1)

Altars:
Cheibriados
Dithmenos
Elyvilon
Gozag
Hepliaklqana
Kikubaaqudgha
Makhleb
Nemelex Xobeh
Okawaru
Qazlal
Ru
Sif Muna
Trog
Uskayaw
Vehumet
Wu Jian
Xom
Yredelemnul
Zin
The Shining One
Beogh
Jiyva
Lugonu

Shops:
D :!=[::[}


Innate Abilities, Weirdness & Mutations

You are very small and have problems with some larger weapons.
You are too small for most types of armour.
You have supernaturally acute eyesight. (SInv)
((You cover ground extremely quickly.))


Message History

The spriggan defender blocks your shadow's attack.
The spriggan defender hits you but does no damage.
The spriggan defender blocks your attack.
The spriggan defender blocks your shadow's attack.
The spriggan defender hits you but does no damage.
The spriggan defender blocks your attack.
The spriggan defender hits you with a +3 demon whip of pain!!
* * * LOW HITPOINT WARNING * * *
You puncture the spriggan defender!
The spriggan defender is lightly wounded.
Your shadow completely misses the spriggan defender.
You closely miss the spriggan defender.
The spriggan defender is lightly wounded.
The spriggan defender hits you with a +3 demon whip of pain!
* * * LOW HITPOINT WARNING * * *
You miss the spriggan defender.
The spriggan defender is lightly wounded.
Your shadow misses the spriggan defender.
The spriggan defender hits you with a +3 demon whip of pain!
You die...

#################################
..#.⌠._._._._.⌠.#.('.))#.†..##∩##
).'.._._._._._..'..#...#....'[.##
..#..._._._._...#..###'##..)##∩#.
'##.._._._._._..#.[##∩∩.'...#####
..#._._._._._.⌠.#################
..###################....(.###...
###♣♣♣♣♣..♣.###§♣i§'...(...'†'..)
)'......♣..♣##§§#§§#.P.....######
.#♣..♣♣♣.♣).###§##§##.P....#
.#.♣♣..♣...♣'...#♣.♣######## ###
#############.....####
#..♣..♣..i.###
#.i.♣......♣.§§♣###
......♣.)...∩.§§§§)#
####################


You could see a spriggan defender.

Vanquished Creatures
  Agnes (D)
  A spriggan druid (D)
  6 oklob plants (D)
  A demonic crawler (D)
  3 burning bushes (D)
  3 wandering mushrooms (D)
  A queen bee (D)
  A hornet (D)
  2 scorpions (D)
  4 killer bees (D)
  5 oklob saplings (D)
  A worker ant (D)
  5 spriggans (D)
  A river rat (D)
  A rat (D)
36 creatures vanquished.

Vanquished Creatures (others)
  A ballistomycete spore (D)
  A fungus (D)
2 creatures vanquished.

Grand Total: 38 creatures vanquished

Notes
Turn   | Place    | Note
-------+----------+-------------------------------------------
     0 | D        | mhtbhm the Spriggan Brigand began the quest for the Orb.
     0 | D        | Reached XP level 1. HP: 10/10 MP: 2/2
    12 | D        | Reached skill level 8 in Stealth
    12 | D        | Reached XP level 2. HP: 15/15 MP: 3/3
   127 | D        | Noticed an oklob sapling
   129 | D        | Killed an oklob sapling
   129 | D        | Reached skill level 10 in Stealth
   129 | D        | Reached XP level 3. HP: 18/18 MP: 4/4
   133 | D        | Found the amulet of invisibility {+Inv}
   136 | D        | Reached skill level 11 in Stealth
   354 | D        | Found an opulent altar of Gozag.
   354 | D        | Found a hazy altar of Hepliaklqana.
   354 | D        | Found a burning altar of Makhleb.
   354 | D        | Found a roughly hewn altar of Beogh.
   354 | D        | Found a sparkling altar of Nemelex Xobeh.
   354 | D        | Found a snail-covered altar of Cheibriados.
   354 | D        | Found a sacrificial altar of Ru.
   354 | D        | Found a shimmering blue altar of Sif Muna.
   354 | D        | Found a shimmering altar of Xom.
   354 | D        | Found a basalt altar of Yredelemnul.
   355 | D        | Found a viscous altar of Jiyva.
   355 | D        | Found a bloodstained altar of Trog.
   355 | D        | Found an ornate altar of the Wu Jian Council.
   355 | D        | Noticed an oklob sapling priest
   356 | D        | Found an iron altar of Okawaru.
   356 | D        | Found a shadowy altar of Dithmenos.
   356 | D        | Found a glowing silver altar of Zin.
   357 | D        | Found an ancient bone altar of Kikubaaqudgha.
   357 | D        | Found a hide-covered altar of Uskayaw.
   358 | D        | Found a stormy altar of Qazlal.
   358 | D        | Found a white marble altar of Elyvilon.
   358 | D        | Found a glowing golden altar of the Shining One.
   359 | D        | Found a corrupted altar of Lugonu.
   359 | D        | Found a radiant altar of Vehumet.
   362 | D        | Killed an oklob sapling priest
   362 | D        | Reached skill level 13 in Stealth
   362 | D        | Reached skill level 1 in Evocations
   362 | D        | Reached XP level 4. HP: 23/23 MP: 2/5
   365 | D        | Became a worshipper of Dithmenos the Shadowed
   414 | D        | Reached XP level 5. HP: 27/27 MP: 3/6
   419 | D        | Reached skill level 14 in Stealth
   420 | D        | Reached * piety under Dithmenos
   420 | D        | Reached skill level 15 in Stealth
   448 | D        | Found Licsew's Distillery.
   448 | D        | Found Ziunozam's Book Emporium.
   504 | D        | Reached XP level 6. HP: 32/32 MP: 4/7
   562 | D        | Noticed a queen bee
   573 | D        | Reached ** piety under Dithmenos
   573 | D        | Reached skill level 16 in Stealth
   574 | D        | Killed a queen bee
   574 | D        | Reached skill level 5 in Short Blades
   574 | D        | Reached skill level 5 in Throwing
   574 | D        | Reached skill level 17 in Stealth
   574 | D        | Reached skill level 5 in Evocations
   574 | D        | Reached XP level 7. HP: 36/36 MP: 6/8
   576 | D        | Reached skill level 18 in Stealth
   582 | D        | Reached *** piety under Dithmenos
   691 | D        | Noticed an oklob plant
   694 | D        | Killed an oklob plant
   694 | D        | Reached skill level 19 in Stealth
   694 | D        | Reached XP level 8. HP: 42/42 MP: 6/9
   747 | D        | Noticed a burning bush
   750 | D        | Killed a burning bush
   750 | D        | Reached skill level 20 in Stealth
   761 | D        | Noticed a burning bush
   761 | D        | Noticed an oklob plant
   762 | D        | Noticed a wandering mushroom
   763 | D        | Killed a burning bush
   763 | D        | Reached skill level 21 in Stealth
   768 | D        | Killed an oklob plant
   768 | D        | Reached **** piety under Dithmenos
   768 | D        | Reached skill level 10 in Evocations
   772 | D        | Killed a wandering mushroom
   772 | D        | Reached skill level 22 in Stealth
   772 | D        | Reached XP level 9. HP: 45/45 MP: 7/10
  1056 | D        | Noticed a spriggan druid
  1057 | D        | Killed a spriggan druid
  1057 | D        | Reached skill level 23 in Stealth
  1075 | D        | Noticed an oklob plant conjurer
  1076 | D        | Killed an oklob plant conjurer
  1076 | D        | Reached ***** piety under Dithmenos
  1238 | D        | Noticed an oklob plant
  1238 | D        | Noticed an oklob plant summoner
  1239 | D        | Noticed an oklob plant shifter
  1240 | D        | Killed an oklob plant
  1242 | D        | Killed an oklob plant summoner
  1242 | D        | Reached skill level 24 in Stealth
  1244 | D        | Killed an oklob plant shifter
  1254 | D        | Noticed a demonic crawler
  1256 | D        | Killed a demonic crawler
  1256 | D        | Reached XP level 10. HP: 49/51 MP: 5/11
  1284 | D        | Noticed a spriggan rider
  1285 | D        | Found Dotacval's Gadget Shoppe.
  1285 | D        | Found Ciask's Armour Emporium.
  1289 | D        | Killed a spriggan rider
  1289 | D        | Reached skill level 25 in Stealth
  1369 | D        | Noticed Agnes
  1370 | D        | Found Ahoacaysk's Jewellery Emporium.
  1370 | D        | Found Awovowonk's Armour Shoppe.
  1371 | D        | Killed Agnes
  1371 | D        | Reached skill level 26 in Stealth
  1371 | D        | Reached skill level 1 in Invocations
  1410 | D        | Noticed a spriggan defender
  1421 | D        | Noticed a spriggan berserker
  1758 | D        | Reached skill level 15 in Evocations
  1767 | D        | Found Rysheen's Book Emporium.
  1767 | D        | Found Ynlac's Book Shoppe.
  1770 | D        | Identified the Almanac of the Mutagenic Blaze
  1866 | D        | HP: 2/76 [spriggan defender/+3 demon whip of pain (15)]
  1867 | D        | Mangled by a spriggan defender

Illustrated notes

Levels and vault maps discovered:
D:        dungeon_sprint_fedhas [sprint_temple]

Skill      XL: |  1  2  3  4  5  6  7  8  9 10 |
---------------+-------------------------------+-----
Stealth        | 8 10 13 15 17 19 22 24 26 | 26.9
Fighting       | 2 3 4 |  4.9
Short Blades   | 3 4 5 6 7 8 |  8.0
Throwing       | 3 4 5 6 7 |  7.7
Evocations     | 1 2 3 5 8 10 13 15 | 15.2
Dodging        | 2 3 |  3.7
Invocations    | 1 |  1.8

Action                   |  1- 3 |  4- 6 |  7- 9 | 10-12 || total
-------------------------+-------+-------+-------+-------++-------
Melee: Dagger            |     5 |    11 |    18 |     3 ||    37
       Rapier            |       |       |       |    18 ||    18
Throw: Dart              |     3 |     1 |     2 |     2 ||     8
Invok: Shadow Step       |       |       |     1 |     3 ||     4
 Abil: Evoke Invisibilit |     1 |     3 |     3 |     2 ||     9
  Use: Potion            |       |     1 |       |     3 ||     4
       Scroll            |       |       |       |     1 ||     1
 Stab: Sleeping          |     3 |     5 |    12 |     8 ||    28
       Invisible         |       |     1 |     2 |       ||     3
Armor: Skin              |       |       |       |     6 ||     6
Dodge: Dodged            |     2 |     8 |     6 |       ||    16

Table legend: (Time is in decaauts)
 A = Elapsed time spent in this place.
 B = Non-inter-level travel time spent in this place.
 C = Inter-level travel time spent in this place.
 D = Time resting spent in this place.
 E = Time spent auto-exploring this place.
 F = Levels seen in this place.
 G = Mean time per level.
                   A        B        C        D        E       F      G
               +--------+--------+--------+--------+--------+-----+--------+
         Total |   1672 |   1672 |      0 |   1280 |      0 |   1 | 1672.0 |
       Dungeon |   1672 |   1672 |      0 |   1280 |      0 |   1 | 1672.0 |
               +--------+--------+--------+--------+--------+-----+--------+

Top non-repeatable levels by time:
       D: 1672 daAuts
